 Dungeon Crawl Stone Soup version 0.29-a0-821-g66395355a5 (webtiles) character file.

Game seed: 6184881420175299708

3568 HoaS the Markstengu (level 10, -1/53 HPs)
             Began as a Tengu Hunter on July 7, 2022.
             Was a Believer of Makhleb.
             Slain by a yak (11 damage)
             ... on level 8 of the Dungeon.
             The game lasted 00:12:22 (7056 turns).

HoaS the Markstengu (Tengu Hunter)                  Turns: 7056, Time: 00:12:23

Health: -1/53      AC:  7    Str: 11    XL:     10   Next: 9%
Magic:  11/11      EV: 15    Int:  9    God:    Makhleb [**....]
Gold:   482        SH:  0    Dex: 23    Spells: 9/9 levels left

rFire   . . .      SeeInvis .   f - +1 arbalest
rCold   . . .      Faith    .   (shield currently unavailable)
rNeg    . . .      Spirit   .   c - +0 leather armour
rPois   .          Reflect  .   (helmet restricted)
rElec   .          Harm     .   a - +1 cloak
rCorr   .          Rampage  .   h - +1 pair of gloves
Will    .....                   (boots unavailable)
Stlth   ++........              (no amulet)
HPRegen 0.17/turn               (no ring)
MPRegen 0.12/turn               (no ring)

@: flying quickly and evasively, quick
A: beak, talons 3, nimble flight
a: Renounce Religion, Minor Destruction


You were on level 8 of the Dungeon.
You worshipped Makhleb.
Makhleb was pleased with you.
You visited 2 branches of the dungeon, and saw 9 of its levels.

You collected 482 gold pieces.

Inventory:

Hand Weapons
 f - a +1 arbalest (weapon)
Armour
 a - a +1 cloak (worn)
 c - a +0 leather armour (worn)
 h - a +1 pair of gloves (worn)
Jewellery
 m - the amulet of Elemental Vulnerability {rPois rF-- rC-- AC+8}
   (You found it on level 8 of the Dungeon)

   [amulet of nothing]

   AC:        It affects your AC (+8).
   rF:        It makes you very vulnerable to fire.
   rC:        It makes you very vulnerable to cold.
   rPois:     It protects you from poison.
Wands
 k - a wand of charming (8)
 p - a wand of acid (3)
 q - a wand of polymorph (12)
Scrolls
 b - 4 scrolls of immolation
 o - 3 scrolls of blinking
 t - 3 scrolls of teleportation
Potions
 d - 5 potions of heal wounds
 e - 2 potions of cancellation {unknown}
 g - a potion of might {unknown}
 i - 3 potions of haste
 j - a potion of experience {unknown}
 l - 3 potions of berserk rage {unknown}
 n - 2 potions of brilliance {unknown}
 r - a potion of lignification {unknown}
 s - a potion of curing {unknown}
 u - 2 potions of mutation {unknown}
 v - 2 potions of attraction {unknown}
 w - 2 potions of invisibility


   Skills:
 - Level 2.0 Fighting
 + Level 15.7 Ranged Weapons
 - Level 2.1 Dodging
 - Level 1.0 Stealth


You had 9 spell levels left.
You didn't know any spells.
Your spell library contained the following spells:

 Spells                   Type           Power      Damage    Failure   Level
 Freeze                   Ice            0%         1d3       47%         1
 Dazzling Flash           Conj/Hex       0%         N/A       85%         3
 Frozen Ramparts          Ice            0%         1d2       85%         3
 Gell's Gravitas          Tloc           0%         N/A       85%         3
 Lesser Beckoning         Tloc           0%         N/A       85%         3
 Teleport Other           Tloc           0%         N/A       85%         3
 Hailstorm                Conj/Ice       0%         3d3       99%         4
 Iskenderun's Mystic Bla  Conj/Tloc      0%         2d3       99%         4
 Starburst                Conj/Fire      0%         6d3       100%        6


Dungeon Overview and Level Annotations

Branches:
Dungeon (8/15)             Temple (1/1) D:4            Lair (0/6) D:8

Altars:
Ashenzari
Cheibriados
Dithmenos
Elyvilon
Fedhas
Gozag
Hepliaklqana
Kikubaaqudgha
Makhleb
Nemelex Xobeh
Okawaru
Qazlal
Ru
Sif Muna
Trog
Uskayaw
Vehumet
Wu Jian
Xom
Yredelemnul
Zin
The Shining One

Annotations:
D:5 2 transporters, qborf's ghost, novice FoCK


Innate Abilities, Weirdness & Mutations

You have a beak for a mouth.
You have claws for feet.
Your magical nature lets you fly swiftly and evasively.


Message History

The yak gores you but does no damage.
You shoot a bolt. The bolt barely misses the yak.
The yak gores you! The yak misses you.
You shoot a bolt.
The bolt hits the yak but does no damage.
The yak misses you. The yak gores you!
You shoot a bolt. The bolt hits the yak!
The yak is moderately wounded.
The yak gores you! The yak closely misses you. The yak gores you!
The yak gores you.
* * * LOW HITPOINT WARNING * * *
You are too injured to fight recklessly!
Fire: f) +1 arbalest
Press: ? - help, Q - select action, (/) - cycle Shift-Dir - straight line, f/p - yak
Aim: a yak (moderately wounded, 77% to hit)
You shoot a bolt. The bolt hits the yak!!
You kill the yak!
Makhleb accepts your kill.
You feel better. The yak misses you.
Fire: f) +1 arbalest
Press: ? - help, Q - select action, (/) - cycle Shift-Dir - straight line, f - yak
Aim: a yak (77% to hit)
You shoot a bolt.
The bolt hits the yak but does no damage.
The yak gores you.
* * * LOW HITPOINT WARNING * * *
Fire: f) +1 arbalest
Press: ? - help, Q - select action, (/) - cycle Shift-Dir - straight line, f/p - yak
Aim: a yak (77% to hit)
You shoot a bolt. The bolt hits the yak!!
The yak is severely wounded.
The yak barely misses you.
Fire: f) +1 arbalest
Press: ? - help, Q - select action, (/) - cycle Shift-Dir - straight line, f/p - yak
Aim: a yak (severely wounded, 77% to hit)
You shoot a bolt. The bolt hits the yak.
The yak is almost dead.
The yak gores you!
You die...

.... #........
##.......#
..#.......#########
.........##..#..#.##
.........#.........##
#.........#...##..#
#......#..#......#
#>.$Y@....#......###
##..####...........###
#. #........#..... #
................
.........#......
#.........._8_.>
#...............
#...............
........#.รท.<.#.


You could see a yak.

Vanquished Creatures
  7 yaks
  4 water moccasins
  6 black bears
  2 ice beasts
  A sky beast (D:6)
  2 ogres
  3 centaurs (D:7)
  A bullfrog (D:8)
  3 scorpions
  5 wights (D:6)
  A howler monkey (D:7)
  2 jellies
  An orc priest (D:6)
  Crazy Yiuf (D:4)
  2 iguanas
  Ijyb (D:3)
  An orc wizard (D:6)
  4 adders
  2 shadow imps
  3 white imps
  3 worms
  4 dart slugs
  9 orcs
  8 ball pythons
  5 bats
  3 endoplasms
  2 giant cockroaches (D:3)
  12 goblins
  8 hobgoblins
  10 jackals
  2 quokkas
  3 frilled lizards
  10 kobolds
  9 rats
140 creatures vanquished.

Vanquished Creatures (others)
  26 fungi (D:8)
  17 plants (D:8)
43 creatures vanquished.

Grand Total: 183 creatures vanquished

Notes
Turn   | Place    | Note
-------+----------+-------------------------------------------
     0 | D:1      | HoaS the Tengu Hunter began the quest for the Orb.
     0 | D:1      | Reached XP level 1. HP: 12/12 MP: 2/2
     1 | D:1      | Noticed an electric eel
   178 | D:1      | Reached XP level 2. HP: 17/17 MP: 3/3
   277 | D:1      | Reached skill level 5 in Ranged Weapons
   565 | D:1      | Reached XP level 3. HP: 21/21 MP: 4/4
  1110 | D:2      | Found a faded altar of an unknown god.
  1559 | D:2      | You fall into a shaft and drop 1 floor!
  1609 | D:2      | Reached skill level 6 in Ranged Weapons
  1614 | D:2      | Reached XP level 4. HP: 23/26 MP: 5/5
  2313 | D:3      | Noticed Ijyb
  2760 | D:3      | Gained mutation: Your magical nature lets you fly swiftly
                  | and evasively. [Tengu growth]
  2760 | D:3      | Reached XP level 5. HP: 30/30 MP: 6/6
  2878 | D:3      | Found a shimmering altar of Xom.
  2879 | D:3      | Found an opulent altar of Gozag.
  2880 | D:3      | Found a shadowy altar of Dithmenos.
  2882 | D:3      | Found a radiant altar of Vehumet.
  3008 | D:3      | Killed Ijyb
  3009 | D:3      | Reached skill level 7 in Ranged Weapons
  3171 | D:4      | Noticed an ogre
  3175 | D:4      | Killed an ogre
  3176 | D:4      | Reached XP level 6. HP: 35/35 MP: 7/7
  3259 | D:4      | Found a staircase to the Ecumenical Temple.
  3268 | Temple   | Entered the Ecumenical Temple
  3409 | Temple   | Became a worshipper of Makhleb the Destroyer
  3477 | D:4      | Identified the +5 dagger of Gozag's Scorn {speed, rCorr
                  | Dex+4}
  3491 | D:4      | Reached skill level 8 in Ranged Weapons
  3635 | D:4      | Found a runed translucent door.
  3636 | D:4      | Noticed Crazy Yiuf
  3642 | D:4      | Killed Crazy Yiuf
  3769 | D:5      | Entered Level 5 of the Dungeon
  3905 | D:5      | Noticed an ice beast
  3909 | D:5      | Killed an ice beast
  3986 | D:5      | Reached skill level 9 in Ranged Weapons
  3986 | D:5      | Reached XP level 7. HP: 40/40 MP: 8/8
  4125 | D:5      | Found a transporter.
  4125 | D:5      | Noticed qborf's ghost (novice FoCK)
  4129 | D:5      | Found a transporter.
  4367 | D:5      | Reached * piety under Makhleb
  4764 | D:6      | Reached skill level 10 in Ranged Weapons
  5025 | D:6      | Reached XP level 8. HP: 44/44 MP: 9/9
  5037 | D:6      | Reached skill level 11 in Ranged Weapons
  5648 | D:7      | Reached skill level 12 in Ranged Weapons
  6273 | D:8      | Reached XP level 9. HP: 48/48 MP: 10/10
  6280 | D:8      | Reached skill level 13 in Ranged Weapons
  6574 | D:8      | Reached skill level 14 in Ranged Weapons
  6645 | D:8      | Found a staircase to the Lair.
  6687 | D:8      | Found the amulet of Elemental Vulnerability {rPois rF--
                  | rC-- AC+8}
  6694 | D:8      | Found a snail-covered altar of Cheibriados.
  6694 | D:8      | Found a blossoming altar of Fedhas.
  6725 | D:7      | Reached ** piety under Makhleb
  6728 | D:7      | Reached skill level 15 in Ranged Weapons
  6912 | D:7      | Reached XP level 10. HP: 33/53 MP: 11/11
  7056 | D:8      | Slain by a yak

Illustrated notes

Levels and vault maps discovered:
D:1:      arrival_aquarium_a, layout_loops_cross
D:2:      layout_basic, nicolae_ecumenical_pavilion, minmay_misc_feat_tiny,
          chequers_avenue, palyth_stone_intersect
D:3:      layout_rooms, mainiacjoe_overflow_alcove_3, uniq_ijyb
D:4:      layout_rooms, minmay_temple_entry_statues_fountains,
          uniq_crazy_yiuf_cottage
D:5:      layout_loops_ring, gammafunk_ghost_mausoleum
D:6:      layout_cave_pools
D:7:      layout_loops_ring
D:8:      minmay_bubble_buster, layout_cave_pools,
          chequers_temple_overflow_statue_of_worship,
          due_lair_maze_entry_diamond
Temple:   nicolae_temple_bog_church

Skill      XL: |  1  2  3  4  5  6  7  8  9 |
---------------+----------------------------+-----
Ranged Weapons | 5 6 7 9 10 12 15 | 15.7
Fighting       | |  2.0
Dodging        | |  2.1
Stealth        | |  1.0

Action                   |  1- 3 |  4- 6 |  7- 9 | 10-12 || total
-------------------------+-------+-------+-------+-------++-------
 Fire: Shortbow          |    78 |       |       |       ||    78
       Arbalest          |    59 |    95 |   167 |    12 ||   333
  Use: Scroll            |     3 |     7 |     6 |       ||    16
       Potion            |       |       |     1 |       ||     1
Armor: Leather armour    |    23 |    17 |    33 |     2 ||    75
Dodge: Dodged            |    59 |    20 |    89 |     7 ||   175

Table legend: (Time is in decaauts)
 A = Elapsed time spent in this place.
 B = Non-inter-level travel time spent in this place.
 C = Inter-level travel time spent in this place.
 D = Time resting spent in this place.
 E = Time spent auto-exploring this place.
 F = Levels seen in this place.
 G = Mean time per level.
                   A        B        C        D        E       F      G
               +--------+--------+--------+--------+--------+-----+--------+
         Total |   6975 |   6698 |    277 |   2296 |   3490 |   9 |  775.0 |
       Dungeon |   6831 |   6589 |    242 |   2296 |   3393 |   8 |  853.9 |
        Temple |    144 |    109 |     35 |      0 |     97 |   1 |  144.0 |
               +--------+--------+--------+--------+--------+-----+--------+

Top non-repeatable levels by time:
     D:2: 1469 daAuts
     D:7: 1308 daAuts
     D:1: 1135 daAuts
     D:6: 875 daAuts
     D:5: 724 daAuts
     D:3: 578 daAuts
     D:4: 462 daAuts
     D:8: 278 daAuts
  Temple: 144 daAuts
